 Dungeon Crawl Stone Soup version 0.28-a0-48-gfd831c5874 (webtiles) character file.

Game seed: 16827206034175833944

2674 lessens the Basher (level 9, -3/64 HPs)
             Began as a Formicid Delver on July 29, 2021.
             Killed from afar by a white imp (9 damage)
             ... with a puff of frost
             ... on level 7 of the Dungeon.
             The game lasted 00:15:01 (12756 turns).

lessens the Basher (Formicid Delver)               Turns: 12756, Time: 00:15:01

Health: -3/64      AC:  8    Str: 20    XL:     9   Next: 95%
Magic:  9/9        EV:  9    Int: 10    God:
Gold:   180        SH:  5    Dex: 12    Spells: 8/8 levels left

rFire   . . .      SeeInvis +   y - +0 flail
rCold   . . .      Faith    .   A - +2 buckler
rNeg    . . .      Spirit   .   l - +0 scale mail
rPois   .          Reflect  .   (helmet unavailable)
rElec   .          Harm     .   q - +0 cloak
rCorr   .          Rampage  .   (no gloves)
Will    .....                   (no boots)
Stlth   ++........              (no amulet)
HPRegen 0.20/turn               (no ring)
MPRegen 0.11/turn               (no ring)

@: no status effects
A: permanent stasis, dig shafts and tunnels, antennae 3, four strong arms
a: Dig, Shaft Self


You were on level 7 of the Dungeon.
You visited 2 branches of the dungeon, and saw 8 of its levels.

You collected 459 gold pieces.
You spent 279 gold pieces at shops.

Inventory:

Hand Weapons
 a - a +0 mace
 h - a +0 dagger of venom
 y - a +0 flail (weapon)
Missiles
 k - 218 stones
 t - 8 atropa-tipped darts
 v - 13 poisoned darts
 E - 6 boomerangs (quivered)
Armour
 b - a +0 leather armour
 l - a +0 scale mail (worn)
 o - the +3 scale mail "Uwomn" {*Slow rF+ rC+ rCorr}
   (You bought it in a shop on level 1 of the Dungeon)

   rF:        It protects you from fire.
   rC:        It protects you from cold.
   rCorr:     It protects you from acid and corrosion.
   *Slow:     It may slow you when you take damage.
 q - a +0 cloak (worn)
 A - a +2 buckler (worn)
Jewellery
 r - a +4 ring of evasion
 C - a ring of fire
Wands
 f - a wand of digging (3)
Scrolls
 c - a scroll of fog
 d - a scroll of magic mapping
 e - 4 scrolls of fear
 g - 6 scrolls of identify
 i - a scroll of blinking
 j - 2 scrolls of teleportation {unknown}
 m - 6 scrolls of enchant weapon
 n - 2 scrolls of amnesia
 p - a scroll of enchant armour {unknown}
 s - a scroll of summoning {unknown}
 u - a scroll of noise {unknown}
 x - a scroll of brand weapon {unknown}
 z - a scroll of immolation {unknown}
 B - a scroll of torment {unknown}
Potions
 w - a potion of flight {unknown}


   Skills:
 - Level 3.2 Fighting
 * Level 12.1 Maces & Flails
 + Level 3.8 Armour
 - Level 1.7 Dodging
 - Level 6.0 Stealth


You had 8 spell levels left.
You didn't know any spells.
Your spell library contained the following spells:

 Spells                   Type           Power      Damage    Failure   Level
 Summon Small Mammal      Summ           0%         N/A       87%         1
 Corpse Rot               Necr/Air       N/A        N/A       95%         2
 Passwall                 Tmut/Erth      0%         N/A       95%         2
 Conjure Flame            Conj/Fire      0%         6-21      99%         3
 Ignite Poison            Fire/Tmut/Pois 0%         N/A       99%         3
 Dispel Undead            Necr           0%         3d6       100%        4
 Sticky Flame             Conj/Fire      0%         2d3       100%        4
 Death Channel            Necr           0%         N/A       100%        6
 Invisibility             Hex            0%         N/A       100%        6
 Swiftness                Air            Unusable   N/A       N/A         3

Dungeon Overview and Level Annotations

Branches:
Dungeon (7/15)             Temple (1/1) D:6

Altars:
Ashenzari
Cheibriados
Dithmenos
Elyvilon
Gozag
Kikubaaqudgha
Makhleb
Nemelex Xobeh
Sif Muna
Vehumet
Wu Jian
Yredelemnul

Shops:
D:1 *

Annotations:
D:6 2 runed translucent doors


Innate Abilities, Weirdness & Mutations

You cannot be hasted, slowed, berserked, paralysed or teleported.
You can dig through walls and to a lower floor.
You have a pair of large antennae on your head. (SInv)
Your four strong arms can wield two-handed weapons with a shield.


Message History

You feel very sick. The water moccasin bites you.
* * * LOW HITPOINT WARNING * * *
You are more poisoned.
The water moccasin poisons you! The gnoll shaman closely misses you.
You feel better.
The gnoll shouts!
The water moccasin bites you!
* * * LOW HITPOINT WARNING * * *
The gnoll shaman hits you with a +0 club.
* * * LOW HITPOINT WARNING * * *
The shadow imp closely misses you.
You sock the water moccasin!
You kill the water moccasin!
You see here a +0 spear.
As you read the scroll of fear, it crumbles to dust.
You assume a fearsome visage.
The shadow imp is unaffected.
The white imp is unaffected.
The gnoll shaman looks frightened!
The gnoll looks frightened!
The shadow imp misses you. The shadow imp puffs mist at you.
Cornered, the gnoll shaman turns to fight!
As you read the scroll labelled LAENOSS FESETU, it crumbles to dust.
It is a scroll of identify.
m - 6 scrolls of enchant weapon The shadow imp sputters.
The shadow imp hits you but does no damage.
As you read the scroll labelled ONUJUO UMPOUL, it crumbles to dust.
It is a scroll of amnesia.
You feel forgetful for a moment. You block the shadow imp's attack.
The white imp barely misses you.
As you read the scroll labelled OTUIM UDAMIHEZ, it crumbles to dust.
Your stasis prevents you from teleporting.
It was a scroll of blinking.
You block the shadow imp's attack. The white imp gestures at you.
You block the puff of frost.
The gnoll seems to regain its courage.
The shadow imp closely misses you. The white imp gestures at you.
The puff of frost hits you!
You die...

...# ....# ....# #...###....##
...#.....#.....#{ {#..###.##...##
#..#..#..#..#..# #.## ##......#
#..#..#..#..#..###+#.#######.....
#.....#...Z.#......#.##..........
#.....#.{...#..... #.............
####################.....#####...
..........g.g.5............###.†.
.........g...5..@................
####################.............
#.....#.....# #.)...........
#.....#.....# #............#
#..#..#.(#..# #..........#.#
#..#..#..#..# {{{#.............
...#.....#... #............. { {
{ { { {{{#......#......
####################......#.....†


You could see a gnoll shaman, 2 gnolls, a white imp and a shadow imp.

Vanquished Creatures
  Sigmund (D:2)
  Menkaure (D:6)
  A water moccasin (D:7)
  2 orc warriors
  A hornet zombie (D:6)
  3 sky beasts
  2 black bears
  A necrophage (D:7)
  A centaur (D:7)
  A phantom (D:5)
  2 ogres (D:5)
  2 bullfrogs
  A scorpion (D:5)
  A water moccasin zombie (D:5)
  A wyvern skeleton (D:7)
  A howler monkey (D:6)
  A centaur zombie (D:6)
  A jelly (D:7)
  2 bullfrog zombies
  An orc priest (D:6)
  A hound (D:4)
  A centaur skeleton (D:7)
  2 bullfrog skeletons
  7 iguanas
  3 orc wizards
  A mummy (D:6)
  Robin (D:2)
  2 gnolls (D:7)
  9 adders
  A shadow imp (D:6)
  4 white imps
  2 ufetubi
  2 worms (D:2)
  3 dart slugs
  9 orcs
  9 ball pythons
  3 endoplasms
  A giant cockroach (D:2)
  12 goblins
  12 hobgoblins
  4 jackals (D:1)
  8 kobolds
  4 quokkas
  4 bats
  2 frilled lizards (D:2)
  6 rats
140 creatures vanquished.

Vanquished Creatures (others)
  A fungus (D:2)
1 creature vanquished.

Grand Total: 141 creatures vanquished

Notes
Turn   | Place    | Note
-------+----------+-------------------------------------------
     0 | D:5      | lessens the Formicid Delver began the quest for the Orb.
     0 | D:5      | Reached XP level 1. HP: 18/18 MP: 1/1
    72 | D:4      | Noticed an iguana
   429 | D:3      | Reached XP level 2. HP: 24/24 MP: 2/2
   456 | D:3      | Reached skill level 3 in Maces & Flails
   618 | D:2      | Reached XP level 3. HP: 8/29 MP: 3/3
  1753 | D:1      | Found Rikkiske's Assorted Antiques.
  2095 | D:1      | Reached skill level 4 in Maces & Flails
  2095 | D:1      | Reached XP level 4. HP: 35/35 MP: 4/4
  2345 | D:2      | Noticed Robin
  3031 | D:2      | Killed Robin
  3297 | D:2      | Found a faded altar of an unknown god.
  3301 | D:2      | Got Plato's Guide on Calling
  3515 | D:2      | Noticed Sigmund
  3625 | D:2      | Reached XP level 5. HP: 41/41 MP: 5/5
  3979 | D:3      | Reached skill level 5 in Maces & Flails
  4146 | D:3      | Found a shadowy altar of Dithmenos.
  4878 | D:4      | Noticed a black bear
  4969 | D:4      | Reached XP level 6. HP: 38/47 MP: 6/6
  5035 | D:4      | Found a sparkling altar of Nemelex Xobeh.
  5145 | D:4      | Reached skill level 6 in Maces & Flails
  5331 | D:4      | Noticed an orc warrior
  5349 | D:4      | Killed an orc warrior
  5524 | D:4      | Killed a black bear
  5525 | D:4      | Reached skill level 7 in Maces & Flails
  5525 | D:4      | Reached XP level 7. HP: 52/52 MP: 7/7
  6367 | D:5      | Reached skill level 8 in Maces & Flails
  6573 | D:5      | Reached XP level 8. HP: 4/58 MP: 8/8
  7378 | D:5      | Reached skill level 9 in Maces & Flails
  8176 | D:6      | Found a staircase to the Ecumenical Temple.
  8182 | Temple   | Entered the Ecumenical Temple
  8515 | D:6      | Found a snail-covered altar of Cheibriados.
  8560 | D:6      | Reached skill level 10 in Maces & Flails
  9023 | D:1      | Bought a glimmering scale mail for 279 gold pieces
  9023 | D:1      | Identified the +3 scale mail "Uwomn" {*Slow rF+ rC+ rCorr}
                  | (You bought it in a shop on level 1 of the Dungeon)
  9532 | D:2      | Killed Sigmund
  9533 | D:2      | Reached XP level 9. HP: 27/64 MP: 9/9
 10065 | D:6      | Reached skill level 11 in Maces & Flails
 10527 | D:6      | Noticed Menkaure
 10539 | D:6      | Killed Menkaure
 10540 | D:6      | Reached skill level 1 in Armour
 10996 | D:6      | Found a large runed translucent door.
 10997 | D:6      | Found a large runed translucent door.
 11342 | D:7      | HP: 3/64 [white imp (2)]
 11342 | D:7      | HP: 1/64 [white imp (2)]
 12662 | D:7      | Reached skill level 12 in Maces & Flails
 12730 | D:7      | HP: 1/64 [gnoll shaman (3)]
 12756 | D:7      | Killed from afar by a white imp

Illustrated notes

Levels and vault maps discovered:
D:1:      psy_arrival_statuary, layout_basic, serial_shops,
          nicolae_diamond_shop, minmay_misc_feat_chi, minmay_strange_pillars
D:2:      layout_loops_ring, shapermc_ecumenical_altar_rom_forum,
          minmay_misc_feat_iff, minmay_shallow_snake_nest, uniq_sigmund,
          uniq_robin
D:3:      layout_basic, nicolae_dithmenos_shadow_blocks
D:4:      layout_gridville, marbit_many_paths, nrook_mini_backslash,
          kennysheep_dice
D:5:      layout_gridville
D:6:      layout_basic, slow_altar_1, jmf_multi_god_temple2,
          minmay_temple_entry_hall, uniq_menkaure
D:7:      kennysheep_windowed_halls, layout_cave_pools, tgw_trog, abandoned_shop
Temple:   jpeg_temple_island

Skill      XL: |  1  2  3  4  5  6  7  8  9 |
---------------+----------------------------+-----
Maces & Flails | 3 4 5 7 8 10 12 | 12.1
Armour         | 3 |  3.8
Fighting       | |  3.2
Dodging        | |  1.7
Stealth        | |  6.0

Action                   |  1- 3 |  4- 6 |  7- 9 || total
-------------------------+-------+-------+-------++-------
Melee: Mace              |    78 |   185 |   274 ||   537
       Flail             |       |       |   124 ||   124
Evoke: Wand              |       |     6 |     9 ||    15
  Use: Potion            |       |     1 |     7 ||     8
       Scroll            |       |       |     4 ||     4
 Stab: Sleeping          |     6 |     3 |       ||     9
Armor: Leather armour    |    11 |       |       ||    11
       Scale mail        |    35 |    71 |   140 ||   246
       Skin              |       |     4 |       ||     4
Dodge: Dodged            |    36 |   100 |   214 ||   350
Block: Buckler           |       |       |    23 ||    23

Table legend: (Time is in decaauts)
 A = Elapsed time spent in this place.
 B = Non-inter-level travel time spent in this place.
 C = Inter-level travel time spent in this place.
 D = Time resting spent in this place.
 E = Time spent auto-exploring this place.
 F = Levels seen in this place.
 G = Mean time per level.
                   A        B        C        D        E       F      G
               +--------+--------+--------+--------+--------+-----+--------+
         Total |  12784 |  12182 |    602 |   1937 |   8378 |   8 | 1598.0 |
       Dungeon |  12708 |  12140 |    568 |   1937 |   8346 |   7 | 1815.4 |
        Temple |     75 |     41 |     34 |      0 |     32 |   1 |   75.0 |
               +--------+--------+--------+--------+--------+-----+--------+

Top non-repeatable levels by time:
     D:5: 2420 daAuts
     D:6: 2214 daAuts
     D:1: 2048 daAuts
     D:2: 2047 daAuts
     D:4: 1979 daAuts
     D:3: 1078 daAuts
     D:7: 919 daAuts
  Temple: 75 daAuts
